 Dungeon Crawl Stone Soup version 0.30-a0-949-g53dc5368d7 (webtiles) character file.

Game seed: 539290720522192271

356 Iich the Chopper (level 6, -18/53 HPs)
             Began as a Demonspawn Fighter on Mar 27, 2023.
             Was an Initiate of Gozag.
             Demolished by an ogre
             ... wielding a +0 giant spiked club
              (27 damage)
             ... on level 5 of the Dungeon.
             The game lasted 00:05:14 (3396 turns).

Iich the Chopper (Demonspawn Fighter)               Turns: 3396, Time: 00:05:14

Health: -18/53     AC: 13    Str: 16    XL:     6   Next: 36%
Magic:  15/15      EV:  6    Int:  9    God:    Gozag
Gold:   290        SH:  9    Dex: 15    Spells: 5/5 levels left

rFire   . . .      SeeInvis .    a - +0 war axe
rCold   . . .      Faith    .    c - +0 buckler
rNeg    . . .      Spirit   .    r - +0 plate armour
rPois   .          Reflect  .    e - +1 hat
rElec   .          Rampage  .    (no cloak)
rCorr   .                        o - +0 pair of gloves
Will    .....                    (no boots) Stlth
                                 (no amulet)
HPRegen 0.28/turn                k - ring of magical power
MPRegen 0.14/turn                (no ring)

@: no status effects
A: foul stench 1, sturdy frame 1, condensation shield, robust 1, wild magic 1
a: Renounce Religion, Potion Petition, Call Merchant, Bribe Branch


You were on level 5 of the Dungeon.
You worshipped Gozag.
Gozag was aware of your devotion.
You visited 1 branch of the dungeon, and saw 5 of its levels.

You collected 339 gold pieces.
You paid 49 gold pieces to Gozag.

Inventory:

Hand Weapons
 a - a +0 war axe (weapon)
Armour
 b - a +0 scale mail
 c - a +0 buckler (worn)
 e - a +1 hat (worn)
 o - a +0 pair of gloves (worn)
 r - a +0 plate armour (worn)
Jewellery
 k - a ring of magical power (left hand)
 m - a +6 ring of intelligence
Scrolls
 f - 2 scrolls of silence
 j - a scroll of magic mapping
 n - a scroll of poison
 u - a scroll of enchant armour {unknown}
 B - a scroll of blinking
Potions
 d - a potion of might
 h - a potion of resistance {unknown}
 q - 2 potions of curing
 s - 2 potions of brilliance
 t - a potion of lignification


   Skills:
 + Level 4.6 Fighting
 * Level 4.9 Axes
 - Level 2.6 Armour
 + Level 1.7 Dodging
 - Level 2.6 Shields


You had 5 spell levels left.
You didn't know any spells.
Your spell library was empty.

Dungeon Overview and Level Annotations

Branches:
Dungeon (5/15)
 Temple: D:4-7

Altars:
Cheibriados
Gozag
Hepliaklqana
Kikubaaqudgha
Okawaru
Ru

Annotations:
D:3 3 runed translucent doors, deadpool521's ghost, amateur MiFi
D:5 2 runed translucent doors, billz999's ghost, amateur DsIE


Innate Abilities, Weirdness & Mutations

You may rarely emit foul miasma when damaged in melee.
Your movements are slightly less encumbered by armour. (ER -2)
A meltable shield of frost defends you. (SH +4)
You are robust. (+10% HP)
Your spells are a little harder to cast, but a little more powerful.


Message History

There is a stone staircase leading up here.
An ogre comes into view. It is wielding a +0 giant spiked club.
Found 14 gold pieces.
Billz999's ghost turns its malevolent gaze towards you.
The ogre shouts!
You block the ogre's attack.
You hit the ogre.
The ogre is lightly wounded.
You hit the ogre but do no damage.
The ogre is lightly wounded.
The ogre barely misses you.
You slash the ogre!
The ogre is moderately wounded.
You block the ogre's attack.
You barely miss the ogre.
The ogre is moderately wounded.
The ogre hits you with a +0 giant spiked club!!
Ouch! That really hurt!
* * * LOW HITPOINT WARNING * * *
You take 33 damage, and have 20/53 hp. !!!!--MASSIVE DAMAGE--!!!!
You are too injured to fight recklessly!
You are too injured to fight recklessly!
You slash the ogre!
The ogre is heavily wounded.
The ogre closely misses you.
There is a stone staircase leading up here.
You hit the ogre.
The ogre is heavily wounded.
You block the ogre's attack.
You hit the ogre.
The ogre is severely wounded.
The ogre hits you with a +0 giant spiked club!
* * * LOW HITPOINT WARNING * * *
You take 12 damage, and have 9/53 hp. !!!!--MASSIVE DAMAGE--!!!!
You slash the ogre!
The ogre is almost dead.
The ogre hits you with a +0 giant spiked club!!
Ouch! That really hurt!
You die...
Your body crumbles into a pile of gold.

....# .... ##....
..#..# #.#..#
#.#..# #
#.#..#.##.#
##@#..#≈.≈#
#..O..#~~.≈.
.......#...+.#..#
#..........+...$.
#.#####.#..#~⌠..#
# #.#..#..#≈#
#....##.≈##
#.#### ### #.


You could see an ogre.

Vanquished Creatures
  2 scorpions (D:4)
  An orc priest (D:4)
  Jessica (D:2)
  An iguana (D:4)
  3 adders
  4 gnolls (D:4)
  A worm (D:2)
  A dart slug (D:1)
  4 orcs (D:4)
  2 ball pythons
  6 bats
  8 endoplasms
  2 giant cockroaches
  6 goblins
  12 hobgoblins
  8 jackals
  3 quokkas
  3 frilled lizards
  8 kobolds
  8 rats
84 creatures vanquished.

Notes
Turn   | Place    | Note
-------+----------+-------------------------------------------
     0 | D:1      | Iich the Demonspawn Fighter began the quest for the Orb.
     0 | D:1      | Reached XP level 1. HP: 18/18 MP: 1/1
   113 | D:1      | Gained mutation: A meltable shield of frost defends you.
                  | (SH +4) [demonic ancestry]
   113 | D:1      | Reached XP level 2. HP: 24/24 MP: 2/2
   368 | D:1      | Reached XP level 3. HP: 29/29 MP: 3/3
   572 | D:2      | You fall into a shaft and drop 1 floor!
  1051 | D:2      | Reached XP level 4. HP: 37/37 MP: 4/4
  1210 | D:2      | Noticed Jessica
  1230 | D:2      | Killed Jessica
  1609 | D:3      | Found a runed translucent gate.
  1609 | D:3      | Found a runed translucent gate.
  1609 | D:3      | Found a runed translucent gate.
  1612 | D:3      | Noticed deadpool521's ghost (amateur MiFi)
  1615 | D:3      | Found an iron altar of Okawaru.
  1729 | D:3      | Found an ancient bone altar of Kikubaaqudgha.
  1783 | D:3      | Found a sacrificial altar of Ru.
  1837 | D:3      | Found an opulent altar of Gozag.
  1951 | D:3      | Became a worshipper of Gozag Ym Sagoz the Greedy
  2141 | D:4      | Found a snail-covered altar of Cheibriados.
  2151 | D:4      | Gained mutation: Your movements are slightly less
                  | encumbered by armour. (ER -2) [demonic ancestry]
  2151 | D:4      | Reached XP level 5. HP: 42/42 MP: 5/5
  2221 | D:4      | Reached skill level 1 in Dodging
  2337 | D:4      | Gained mutation: You may rarely emit foul miasma when
                  | damaged in melee. [demonic ancestry]
  2337 | D:4      | Reached XP level 6. HP: 24/49 MP: 6/6
  2597 | D:4      | Found a hazy altar of Hepliaklqana.
  2874 | D:4      | Gained mutation: You are robust. (+10% HP) [potion of
                  | mutation]
  2874 | D:4      | Gained mutation: Your spells are a little harder to cast,
                  | but a little more powerful. [potion of mutation]
  3383 | D:5      | Entered Level 5 of the Dungeon
  3383 | D:5      | Found a large runed translucent door.
  3383 | D:5      | Found a large runed translucent door.
  3385 | D:5      | Noticed billz999's ghost (amateur DsIE)
  3396 | D:5      | Demolished by an ogre

Illustrated notes

Levels and vault maps discovered:
D:1:      ncdulo_halloftheorcs, layout_rooms
D:2:      layout_rooms, hex_intersection, grunt_decor_cap, supply_closet_lemuel,
          uniq_jessica
D:3:      layout_rooms, lemuel_coloured_pillars_altar, lemuel_round_altar,
          mainiacjoe_overflow_catch_the_wave, ebering_ghost_rock_garden,
          minmay_misc_feat_chi, grunt_ministairs_1, st_stairs_1
D:4:      layout_rooms, cheibriados_altar_1, nicolae_hepliaklqana_hippocampus,
          mainiacjoe_overflow_boulevard, serial_rivers,
          chequers_serial_rivers_micro_b, chequers_serial_rivers_micro_d,
          chequers_serial_rivers_micro_d, chequers_serial_rivers_room_a,
          chequers_serial_rivers_large_b, chequers_serial_rivers_micro_d
D:5:      minmay_razor_zed, layout_loops_ring, dancing_weapons_uskayaw,
          minmay_temple_entry_wispy, ebering_ghost_disaster_area

Skill      XL: |  1  2  3  4  5 |
---------------+----------------+-----
Axes           | 2 3 4 |  4.9
Fighting       | 4 |  4.6
Dodging        | 1 |  1.7
Armour         | |  2.6
Shields        | |  2.6

Action                     |  1- 3 |  4- 6 || total
---------------------------+-------+-------++-------
  Melee: War axe           |   100 |   115 ||   215
    Use: Scroll            |     3 |     2 ||     5
         Potion            |       |     7 ||     7
 Armour: Scale mail        |    58 |     9 ||    67
         Plate armour      |       |    62 ||    62
         Skin              |       |    17 ||    17
  Dodge: Dodged            |    47 |    45 ||    92
  Block: Buckler           |    52 |    77 ||   129

Table legend: (Time is in decaauts)
 A = Elapsed time spent in this place.
 B = Non-inter-level travel time spent in this place.
 C = Inter-level travel time spent in this place.
 D = Time resting spent in this place.
 E = Time spent auto-exploring this place.
 F = Levels seen in this place.
 G = Mean time per level.
                   A        B        C        D        E       F      G
               +--------+--------+--------+--------+--------+-----+--------+
         Total |   3509 |   3358 |    151 |    293 |   2438 |   5 |  701.8 |
       Dungeon |   3509 |   3358 |    151 |    293 |   2438 |   5 |  701.8 |
               +--------+--------+--------+--------+--------+-----+--------+

Top non-repeatable levels by time:
     D:4: 1296 daAuts
     D:3: 903 daAuts
     D:2: 700 daAuts
     D:1: 594 daAuts
     D:5: 15 daAuts
